cohdb
Replays
Latest Replays
All Replays
Popular Replays
Top Player Replays
Match Explorer
How It Works
Community
CoH3 Stats
Reddit
Sign in to upload your games and track your stats! →
Sign in with Steam
Match 43177910
Unlisted
Match 43177910
Overview
Messages
Build Orders
End
Royal Engineer Section
Selects Indian Artillery Battlegroup
Vickers Machine Gun Team
Construct Section Command Post
ML 3-inch Mortar Team
Construct Field Infirmary
Infantry Section
Selects Artillery Saturation
Infantry Section
Construct Platoon Command Post
6-pounder Anti-tank Gun Team
Unlock Bishop Self-propelled Artillery
Selects Off-map Airburst Barrage
Bishop Self-propelled Artillery
Construct Company Command Post
Off-map Airburst Barrage
Grenade Package
Selects Perimeter Monitor
Perimeter Monitor
Matilda II Heavy Tank
Slubbert
Bob Zigarillo
gregori_gregg
Papa Shango
Husar
Wahman
0
0
Comments
sign in to comment!
No comments posted yet!